 Dungeon Crawl Stone Soup version 0.27.1-2-g3b301248ec (webtiles) character file.

Game seed: 9716059501915481720

58 Urokeeper the Covered (level 4, -1/29 HPs)
             Began as a Gargoyle Fighter on Oct 5, 2021.
             Slain by an iguana (11 damage)
             ... on level 3 of the Dungeon.
             The game lasted 00:05:21 (1734 turns).

Urokeeper the Covered (Gargoyle Fighter)            Turns: 1734, Time: 00:05:21

Health: -1/29      AC: 10    Str: 20    XL:     4   Next: 1%
Magic:  4/4        EV:  7    Int:  9    God:
Gold:   126        SH:  9    Dex:  9    Spells: 3/3 levels left

rFire    . . .     SeeInvis .   a - +0 flail
rCold    . . .     Faith    .   c - +0 kite shield
rNeg     + . .     Spirit   .   b - +0 scale mail
rPois    ∞         Reflect  .   (no helmet)
rElec    +         Harm     .   (no cloak)
rCorr    .         Rampage  .   (no gloves)
Will     .....                  (no boots)
Stlth    ..........             (no amulet)
HPRegen  0.09/turn              (no ring)
MPRegen  0.09/turn              (no ring)

@: no status effects
A: sickness immunity, AC +3, negative energy resistance 1, electricity
resistance, torment resistance 1, petrification resistance
a: no special abilities


You were on level 3 of the Dungeon.
You visited 1 branch of the dungeon, and saw 3 of its levels.

You collected 126 gold pieces.

Inventory:

Hand Weapons
 a - a +0 flail (weapon)
Armour
 b - a +0 scale mail (worn)
 c - a +0 kite shield (worn)
Wands
 g - a wand of flame (20)
Scrolls
 f - a scroll of noise
Potions
 d - a potion of might
 e - a potion of flight {unknown}
 h - a potion of invisibility {unknown}


   Skills:
 + Level 3.8 Fighting
 + Level 2.6 Maces & Flails
 + Level 3.9 Armour
 + Level 3.8 Shields


You had 3 spell levels left.
You didn't know any spells.
Your spell library contained the following spells:

 Spells                   Type           Power      Damage    Failure   Level
 Animate Skeleton         Necr           0%         N/A       99%         1
 Pain                     Necr           0%         1d4       99%         1
 Vampiric Draining        Necr           0%         2d6       100%        3


Dungeon Overview and Level Annotations

Branches:
Dungeon (3/15)

Altars:
Vehumet


Innate Abilities, Weirdness & Mutations

You are immune to sickness and miasma.
Your stone body is resilient. (AC +3)
You are immune to poison.
You resist negative energy. (rN+)
You are resistant to electric shocks. (rElec)
You are resistant to unholy torment.
You are immune to petrification.


Message History

You closely miss the adder.
The adder is moderately wounded.
The adder bites you but does no damage. x2
You miss the adder.
The adder is moderately wounded.
You block the adder's attack. The adder bites you but does no damage.
You hit the adder.
The adder is almost dead.
The adder barely misses you.
An iguana comes into view.
The adder barely misses you.
You closely miss the adder.
The adder is almost dead.
The iguana hisses angrily.
The adder bites you but does no damage. x2
You miss the adder.
The adder is almost dead.
The adder bites you but does no damage. x2
Your scale mail prevents you from hitting the adder.
The adder is almost dead.
The adder bites you but does no damage. You block the adder's attack.
You barely miss the adder.
The adder is almost dead.
The adder bites you but does no damage. You block the adder's attack.
You closely miss the adder.
The adder is almost dead.
The adder barely misses you. The adder closely misses you.
You closely miss the adder.
The adder is almost dead.
The iguana bites you. The adder closely misses you.
The adder bites you but does no damage. You block the iguana's attack.
You completely miss the adder.
The adder is almost dead.
You block the adder's attack.
The iguana bites you but does no damage.
The adder bites you.
You sock the adder!
You kill the adder!
The iguana bites you. The iguana bites you!
You die...

... .... ....
...## ... #.....
... ###......
..# .
#.#####........
#.# ##.
#.....#.# #.# ..
#####...##...
#.# .#
###@l.......
#<##.#
###.†.##......
#.#..#####...###
####.. #.#.#
#....#.# . #...#
#.###..#
.###..###.###.##
..............#
###.##†########
#. #.#


You could see an iguana.

Vanquished Creatures
  3 adders
  A dart slug (D:2)
  5 endoplasms
  3 giant cockroaches
  6 goblins
  A hobgoblin (D:3)
  3 jackals (D:2)
  A quokka (D:2)
  A ball python (D:2)
  2 bats (D:2)
  2 frilled lizards
  5 kobolds
  5 rats
38 creatures vanquished.

Notes
Turn   | Place    | Note
-------+----------+-------------------------------------------
     0 | D:1      | Urokeeper the Gargoyle Fighter began the quest for the Orb.
     0 | D:1      | Reached XP level 1. HP: 14/14 MP: 1/1
    28 | D:1      | Reached XP level 2. HP: 15/19 MP: 2/2
  1211 | D:2      | Found a radiant altar of Vehumet.
  1220 | D:2      | Reached XP level 3. HP: 23/23 MP: 3/3
  1696 | D:3      | Reached XP level 4. HP: 26/29 MP: 4/4
  1734 | D:3      | Slain by an iguana

Illustrated notes

Levels and vault maps discovered:
D:1:      beargit_arrival_diablo_church, layout_basic
D:2:      layout_loops_ring, basic_altar
D:3:      minmay_goblin_kobold_castle, layout_rooms, elyvilon_altar_5,
          basic_ecumenical_altar, uniq_ijyb

Action                   |  1- 3 |  4- 6 || total
-------------------------+-------+-------++-------
Melee: Flail             |   107 |    33 ||   140
  Use: Scroll            |     1 |       ||     1
Armor: Scale mail        |    41 |    28 ||    69
Dodge: Dodged            |    26 |    11 ||    37
Block: Kite shield       |    58 |    18 ||    76
